 Dungeon Crawl Stone Soup version 0.27.1-35-g4d5d836560 (webtiles) character file.

Game seed: 8263730489074581853

29976 Froggeryz the Convoker (level 13, -10/58 HPs)
             Began as a Felid Summoner on Mar 16, 2022.
             Was an Initiate of Gozag.
             Mangled by a spriggan rider (13 damage)
             ... on level 1 of the Swamp on Mar 21, 2022.
             The game lasted 01:35:45 (34786 turns).

Froggeryz the Convoker (Felid Summoner)            Turns: 34786, Time: 01:35:45

Health: -10/58     AC:  3    Str:  4    XL:     13   Next: 18%
Magic:  11/29      EV: 24    Int: 22    God:    Gozag
Gold:   794        SH:  0    Dex: 16    Spells: 11/35 levels left
                                        Lives:  0   Deaths: 4

rFire    + . .     SeeInvis +     - Unarmed
rCold    + . .     Faith    .   (shield unavailable)
rNeg     . . .     Spirit   .   (armour unavailable)
rPois    +         Reflect  .   (helmet unavailable)
rElec    .         Harm     .   (cloak unavailable)
rCorr    .         Rampage  .   (gloves unavailable)
Will     +....                  (boots unavailable)
Stlth    ++........             m - amulet of regeneration
HPRegen  1.19/turn              s - ring of protection from fire
MPRegen  0.21/turn              v - ring of poison resistance

@: gold aura, quick
A: very small, claws 1, fangs 3, see invisible, speed 1, shaggy fur 3, stealthy
paws, no weapons or thrown items, no armour, multi-lived
a: Renounce Religion, Potion Petition, Call Merchant, Bribe Branch


You were on level 1 of the Swamp.
You worshipped Gozag.
Gozag was pleased with you.
You visited 6 branches of the dungeon, and saw 26 of its levels.
You also visited: Ossuary and Bailey.

You collected 7499 gold pieces.
You spent 1918 gold pieces at shops.
You paid 4787 gold pieces to Gozag.

Inventory:

Jewellery
 m - an amulet of regeneration (around neck)
 s - a ring of protection from fire (left paw)
 v - a ring of poison resistance (right paw)
Wands
 f - a wand of digging (13)
 j - a wand of polymorph (13)
 n - a wand of charming (20)
 u - a wand of iceblast (9)
 w - a wand of flame (20)
 D - a wand of mindburst (18)
 G - a wand of acid (5)
Scrolls
 c - 3 scrolls of fog
 g - 7 scrolls of magic mapping
 h - 2 scrolls of summoning
 k - a scroll of blinking
 p - 6 scrolls of teleportation
 r - a scroll of holy word
 x - 4 scrolls of amnesia
 C - 2 scrolls of immolation
Potions
 a - 14 potions of ambrosia
 b - 4 potions of haste
 d - 7 potions of brilliance
 e - 5 potions of flight
 i - 3 potions of mutation
 l - a potion of berserk rage {unknown}
 o - 5 potions of curing
 q - 4 potions of magic
 t - a potion of heal wounds
 z - a potion of might {unknown}
 A - 2 potions of invisibility {unknown}
 E - 2 potions of resistance {unknown}
 F - a potion of experience {unknown}
Miscellaneous
 y - a condenser vane


   Skills:
 - Level 8.2 Fighting
 - Level 11.0 Dodging
 - Level 2.6 Stealth
 + Level 4.9 Unarmed Combat
 - Level 11.6 Spellcasting
 + Level 8.8 Hexes
 - Level 16.0 Summonings
 * Level 8.1 Transmutations
 - Level 5.0 Air Magic


You had 11 spell levels left.
You knew the following spells:

 Your Spells              Type           Power      Damage    Failure   Level
a - Summon Lightning Spi  Summ/Air       56%        N/A       1%          4
b - Call Imp              Summ           70%        N/A       0%          2
c - Call Canine Familiar  Summ           70%        N/A       1%          3
d - Summon Guardian Gole  Hex/Summ       61%        N/A       1%          3
e - Storm Form            Tmut/Air       20%        N/A       96%         7
f - Summon Mana Viper     Hex/Summ       61%        N/A       1%          5

Your spell library contained the following spells:

 Spells                   Type           Power      Damage    Failure   Level
 Summon Small Mammal      Summ           100%       N/A       0%          1
 Ensorcelled Hibernation  Hex/Ice        64%        N/A       1%          2
 Summon Ice Beast         Ice/Summ       48%        N/A       1%          4
 Shadow Creatures         Summ           N/A        N/A       1%          6
 Static Discharge         Conj/Air       23%        N/A       2%          2
 Ignite Poison            Fire/Tmut/Pois 24%        N/A       4%          3
 Blade Hands              Tmut           24%        N/A       4%          5
 Pain                     Necr           48%        1d6       5%          1
 Summon Forest            Summ/Tloc      24%        N/A       5%          5
 Gell's Gravitas          Tloc           6%         N/A       16%         3
 Teleport Other           Tloc           12%        N/A       16%         3
 Dispel Undead            Necr           12%        3d9       45%         4
 Olgreb's Toxic Radiance  Pois           12%        N/A       45%         4
 Sticky Flame             Conj/Fire      12%        2d4       45%         4
 Agony                    Necr           12%        N/A       82%         5
 Iskenderun's Battlesphe  Conj           12%        2d7       82%         5
 Eringya's Noxious Bog    Tmut/Pois      15%        N/A       82%         6
 Spellforged Servitor     Conj/Summ      24%        N/A       85%         7
 Dispersal                Tloc           6%         N/A       100%        6
 Iron Shot                Conj/Erth      6%         9d2       100%        6
 Ozocubu's Refrigeration  Ice            6%         4d6       100%        7
 Ignition                 Fire           6%         3d4       100%        8
 Maxwell's Capacitive Co  Air            17%        ∞         100%        8
 Portal Projectile        Hex/Tloc       Unusable   N/A       N/A         3
 Excruciating Wounds      Necr           Unusable   N/A       N/A         5

Dungeon Overview and Level Annotations

Branches:
Dungeon (15/15)            Temple (1/1) D:7            Lair (6/6) D:11
  Swamp (1/4) Lair:2        Snake (1/4) Lair:3        Slime (0/5) Lair:5
    Orc (2/2) D:11            Elf (0/3) Orc:2        Vaults (0/5) D:13
 Depths (0/5) D:15        Ossuary (visited)          Bailey (visited)

Altars:
Ashenzari
Cheibriados
Dithmenos
Elyvilon
Fedhas
Gozag
Hepliaklqana
Kikubaaqudgha
Makhleb
Nemelex Xobeh
Okawaru
Qazlal
Ru
Sif Muna
Trog
Uskayaw
Vehumet
Wu Jian
Xom
Yredelemnul
Zin
The Shining One
Beogh
Jiyva

Shops:
D:3 ?   D:5 =   D:10 [!?   D:15 :   Orc:2 :(:*![(   Lair:2 ?   Lair:5 :

Annotations:
Snake:1 Agnes


Innate Abilities, Weirdness & Mutations

You have sharp claws.
You have razor-sharp teeth.
You have supernaturally acute eyesight. (SInv)
You cover ground quickly. (Speed+)
Your thick and shaggy fur keeps you warm. (AC +3, rC+)
Your paws help you pounce on unaware monsters.
You are incapable of wielding weapons or throwing items.
You cannot wear armour.
You gain extra lives every three experience levels.


Message History

The swamp worm seems less confused.
Your mana viper bites the alligator.
The alligator bites your mana viper!!
Your mana viper dies!
Your mana viper disappears in a puff of smoke!
Your guardian golem disappears in a puff of smoke!
Your guardian golem explodes!
The mangrove smoulders and burns.
The fiery explosion engulfs the swamp worm!!
You smell burning wood.
The spriggan rider hits you from afar with a +0 spear!!
The swamp worm is engulfed in blazing flames.
The swamp worm dies!
Found a wand of iceblast (6).
Casting: Summon Lightning Spire (dangerous; 1% risk of failure)
Confirm with . or Enter, or press ? or * to list all spells.
A guardian golem appears, shielding your allies.
The spriggan rider completely misses you.
The tyrant leech is engulfed in blazing flames.
You enter the shallow water.
Moving in this stuff is going to be slow.
The tyrant leech is engulfed in blazing flames.
The spriggan rider hits you from afar with a +0 spear!
Your guardian golem is engulfed in blazing flames.
The alligator is engulfed in a cloud of scalding steam.
The alligator bites your guardian golem but does no damage.
The alligator tail-slaps your guardian golem!
The alligator bites your guardian golem but does no damage.
The alligator tail-slaps your guardian golem!
Your guardian golem is engulfed in blazing flames.
The spriggan rider hits you from afar with a +0 spear!!
* * * LOW HITPOINT WARNING * * *
The alligator completely misses your guardian golem.
The alligator tail-slaps your guardian golem.
Your guardian golem is engulfed in blazing flames.
Your guardian golem overheats!
The tyrant leech bites your lightning spire!
Flame seeps out of your guardian golem.
The spriggan rider hits you from afar with a +0 spear!
You die...
Your body crumbles into a pile of gold.

.≈ ..♣ .?.≈
♣♣♣♣♣♣♣$..
♣♣♣...§§§.§≈
♣♣..≈w≈.t≈.≈≈
♣§.@8≈≈8≈≈/≈≈
♣≈≈≈♣i.♣♣≈..≈
♣.≈.♣♣.♣ ≈≈
♣♣♣♣♣♣.≈♣
♣♣♣.. .≈≈.
≈≈≈♣ ♣♣♣♣


You could see an alligator (swift, ally target), a tyrant leech, a spriggan
rider, a friendly guardian golem (summoned, inner flame) and a friendly
lightning spire (summoned, sheltered).

Vanquished Creatures
  A blink frog (Lair:2)
  A bullfrog zombie (D:6)
  A centaur zombie (Ossuary)
  Jessica (D:2)
  A gnoll (D:12)
  2 orcs
  A quokka (D:1)
  3 bats
11 creatures vanquished.

Vanquished Creatures (collateral kills)
  Kirke (D:14)
  A dire elephant (Lair:6)
  Snorg (D:14)
  2 boulder beetles
  A catoblepas (Lair:5)
  A merfolk avatar (Lair:6)
  5 hydras
  4 centaur warriors
  An ogre mage (D:13)
  2 death knights
  6 two-headed ogres
  An orc high priest (Orc:2)
  A flayed ghost (D:15)
  4 skeletal warriors
  A spriggan druid (Swamp:1)
  A bog body (Lair:2)
  4 orc knights
  A phantasmal warrior (D:15)
  A harpy (Lair:6)
  A necromancer (D:15)
  Pikel (D:7)
  3 deep elf pyromancers
  3 oklob plants (Lair:5)
  4 ugly things
  5 manticores
  A black mamba (Lair:5)
  3 elephants (Lair:6)
  7 cyclopes
  10 cane toads
  2 rime drakes
  3 freezing wraiths
  2 gargoyles (D:8)
  An unseen horror (D:12)
  An efreet (D:15)
  7 komodo dragons
  2 yaktaurs (D:15)
  3 meliai (Lair:4)
  3 trolls
  3 polar bears
  A wind drake (Lair:6)
  A queen bee (Lair:4)
  27 blink frogs
  A hornet (Lair:6)
  Grinder (D:3)
  2 snapping turtles (Lair:6)
  A fire dragon zombie (D:15)
  A shadow (D:11)
  Sigmund (D:6)
  A vampire (D:13)
  4 basilisks
  2 wyverns (Lair:6)
  44 yaks
  2 wraiths
  5 hogs
  A steam dragon (D:6)
  5 wargs
  A tengu zombie (D:15)
  6 vampire mosquitoes
  14 water moccasins
  2 nagas (Lair:3)
  A water moccasin (shapeshifter) (D:14)
  Duvessa (D:7)
  A swamp drake (Swamp:1)
  32 orc warriors
  3 ice beasts
  A black bear (D:4)
  2 necrophages
  6 centaurs
  11 wolves
  7 ogres
  2 phantoms
  2 elf zombies (Ossuary)
  8 bullfrogs
  Dowan (D:7)
  A wyvern zombie (D:8)
  A scorpion (D:4)
  A water moccasin skeleton (D:4)
  27 killer bees
  5 wights
  2 howler monkeys (D:8)
  A human zombie (Ossuary)
  2 bullfrog skeletons
  2 centaur zombies (D:8)
  6 hounds
  21 orc priests
  2 centaur skeletons (D:4)
  A jelly (D:5)
  Crazy Yiuf (D:3)
  A gnoll shaman (D:6)
  28 orc wizards
  Ijyb (D:3)
  An iguana (D:4)
  A hound zombie (D:7)
  3 mummies
  8 gnolls
  A howler monkey skeleton (D:6)
  14 adders
  A river rat (Orc:1)
  2 white imps
  3 adder zombies (Ossuary)
  A worm (D:2)
  83 orcs
  8 endoplasms
  2 giant cockroaches
  9 goblins
  5 hobgoblins
  4 jackals (D:4)
  5 quokkas
  5 ball pythons
  12 bats
  5 frilled lizards
  A goblin zombie (Ossuary)
  9 hobgoblin zombies (Ossuary)
  2 jackal zombies (Ossuary)
  7 kobolds
  7 kobold zombies (Ossuary)
  9 orc zombies (Ossuary)
  5 rats
  A rat zombie (Ossuary)
622 creatures vanquished.

Vanquished Creatures (others)
  Gastronok (D:9)
  An orc warlord (Orc:2)
  3 hydras
  An ogre mage (Orc:2)
  An alligator (Swamp:1)
  3 two-headed ogres
  2 orc high priests
  6 skeletal warriors
  A goliath frog (Swamp:1)
  2 phantasmal warriors (D:15)
  2 cyclopes
  5 ugly things
  An oklob plant (Lair:5)
  A manticore (D:11)
  A sphinx skeleton (D:15)
  2 black mambas
  Joseph (D:7)
  6 cane toads
  2 gargoyles (D:8)
  A centaur zombie (D:11)
  6 komodo dragons
  Maggie (D:7)
  A yaktaur (D:15)
  3 bloated husks (Swamp:1)
  2 polar bears (Lair:6)
  A troll (D:15)
  A hornet (Lair:6)
  A blink frog (Lair:2)
  A snapping turtle (Lair:6)
  An ettin skeleton (D:15)
  5 wyverns
  A basilisk (Lair:4)
  22 yaks
  Grum (Lair:1)
  A wraith (D:14)
  Eustachio (D:5)
  A hog (D:10)
  3 humans
  6 vampire mosquitoes
  A warg (Orc:1)
  3 swamp worms (Swamp:1)
  2 nagas (Lair:3)
  An acid dragon (D:10)
  2 water moccasins
  5 orc warriors
  4 centaurs
  3 ogres
  A wolf (Lair:1)
  A gnoll sergeant (D:12)
  A scorpion (D:6)
  3 wights (D:6)
  A howler monkey (D:6)
  An orc priest (Orc:1)
  A centaur skeleton (D:7)
  5 orc wizards
  4 gnolls
  13 orcs
  3 bushes
  48 fungi
  85 plants
  10 withered plants (D:15)
300 creatures vanquished.

Grand Total: 933 creatures vanquished

Notes
Turn   | Place    | Note
-------+----------+-------------------------------------------
     0 | D:1      | Froggeryz the Felid Summoner began the quest for the Orb.
     0 | D:1      | Reached XP level 1. HP: 7/7 MP: 4/4
   298 | D:1      | Reached XP level 2. HP: 11/11 MP: 3/6
   675 | D:1      | Found a faded altar of an unknown god.
  1394 | D:2      | Reached XP level 3. HP: 14/14 MP: 5/8
  2143 | D:2      | Noticed Jessica
  2165 | D:2      | Killed Jessica
  2328 | D:2      | Got Jessica's Catalogue of the Oath
  2454 | D:3      | Reached XP level 4. HP: 18/18 MP: 5/9
  2519 | D:3      | Found Akapsadi's Magic Scroll Boutique.
  2585 | D:3      | Noticed Grinder
  2594 | D:3      | Learned a level 2 spell: Call Imp
  2878 | D:3      | Killed Grinder
  2879 | D:3      | Reached skill level 5 in Summonings
  2879 | D:3      | Reached XP level 5. HP: 21/21 MP: 0/11
  3240 | D:3      | Noticed Ijyb
  3264 | D:3      | Killed Ijyb
  3464 | D:3      | Found a runed translucent door.
  3465 | D:3      | Noticed Crazy Yiuf
  4002 | D:3      | Killed Crazy Yiuf
  4137 | D:4      | Noticed a black bear
  4210 | D:3      | Learned a level 3 spell: Call Canine Familiar
  4564 | D:4      | Killed a black bear
  4565 | D:4      | Reached skill level 6 in Summonings
  4565 | D:4      | Gained mutation: You are covered in thick fur. (AC +2)
                  | [Felid growth]
  4565 | D:4      | Reached XP level 6. HP: 24/24 MP: 1/13
  5441 | D:4      | Reached skill level 7 in Summonings
  5589 | D:4      | Learned a level 3 spell: Summon Guardian Golem
  5610 | D:5      | Entered Level 5 of the Dungeon
  5646 | D:5      | Noticed a two-headed ogre
  5809 | D:5      | Found a sand-covered staircase.
  5821 | Ossuary  | Entered an ossuary
  5903 | Ossuary  | Reached XP level 7. HP: 27/27 MP: 12/14
  6229 | Ossuary  | Reached skill level 5 in Hexes
  6356 | D:5      | Killed a two-headed ogre
  6357 | D:5      | Reached skill level 9 in Summonings
  6357 | D:5      | Reached XP level 8. HP: 31/31 MP: 7/15
  6415 | D:5      | Noticed Eustachio
  6437 | D:5      | Killed Eustachio
  6551 | D:5      | Found Oxedarch's Jewellery Boutique.
  6565 | D:5      | Reached skill level 10 in Summonings
  7374 | D:5      | Found a faded altar of an unknown god.
  7374 | D:5      | Found a bloodstained altar of Trog.
  7382 | D:5      | Found a burning altar of Makhleb.
  7384 | D:5      | Found a sacrificial altar of Ru.
  7386 | D:5      | Found a faded altar of an unknown god.
  7474 | D:5      | Found a snail-covered altar of Cheibriados.
  7539 | D:6      | Found a shimmering altar of Xom.
  7539 | D:6      | Found a shimmering altar of Xom.
  7615 | D:6      | Noticed Sigmund
  7626 | D:6      | Reached skill level 11 in Summonings
  7637 | D:6      | Reached XP level 9. HP: 34/34 MP: 5/16
  7641 | D:6      | Killed Sigmund
  7885 | D:6      | Noticed a green ugly thing
  7905 | D:6      | Killed a green ugly thing
  7906 | D:6      | Reached skill level 12 in Summonings
  8087 | D:6      | Found a shimmering altar of Xom.
  8900 | D:7      | Found a sparkling altar of Nemelex Xobeh.
  8900 | D:7      | Noticed Joseph
  8914 | D:7      | Shot with a sling bullet by Joseph
  8915 | D:7      | Reached XP level 8. HP: -10/31 MP: 11/15
  8992 | D:7      | Noticed Duvessa
  8998 | D:7      | Killed Duvessa
  9002 | D:7      | Noticed Maggie
  9111 | D:7      | You fall into a shaft and drop 2 floors!
  9111 | D:9      | Noticed Gastronok
  9219 | D:8      | Reached skill level 13 in Summonings
  9327 | D:8      | Noticed a gargoyle
  9345 | D:8      | Killed a gargoyle
  9346 | D:8      | Reached XP level 9. HP: 30/34 MP: 11/16
  9395 | D:8      | Noticed a gargoyle
  9410 | D:8      | Noticed a gargoyle
  9419 | D:8      | Noticed a gargoyle
  9420 | D:8      | Killed a gargoyle
  9563 | D:8      | Noticed a brown ugly thing
  9777 | D:7      | Found a staircase to the Ecumenical Temple.
  9812 | Temple   | Entered the Ecumenical Temple
 10090 | Temple   | Became a worshipper of Gozag Ym Sagoz the Greedy
 10203 | D:7      | Killed Joseph
 10298 | D:7      | Noticed Dowan
 10337 | D:7      | Killed Dowan
 10339 | D:7      | Noticed Pikel
 10365 | D:7      | Killed Pikel
 10534 | D:7      | Killed Maggie
 10535 | D:7      | Reached skill level 14 in Summonings
 10686 | D:7      | Found a shadowy altar of Dithmenos.
 10913 | D:8      | Killed a gargoyle
 11006 | D:8      | Killed a gargoyle
 11426 | D:8      | Reached XP level 10. HP: 37/37 MP: 1/17
 11558 | D:9      | Noticed a two-headed ogre
 11578 | D:9      | Killed a two-headed ogre
 11635 | D:9      | Found a blossoming altar of Fedhas.
 11852 | D:9      | Reached skill level 15 in Summonings
 11978 | D:9      | Killed Gastronok
 12565 | D:9      | Learned a level 4 spell: Summon Lightning Spire
 12566 | D:10     | Entered Level 10 of the Dungeon
 12627 | D:10     | Found Parhurud's Antique Armour Shoppe.
 12627 | D:10     | Noticed a white ugly thing
 12639 | D:10     | Killed a white ugly thing
 12640 | D:10     | Reached skill level 1 in Air Magic
 13083 | D:10     | Found Zaevvo's Magic Scroll Emporium.
 13090 | D:10     | Bought a scroll of teleportation for 30 gold pieces
 13090 | D:10     | Bought a scroll of teleportation for 30 gold pieces
 13095 | D:10     | Bought a scroll of identify for 20 gold pieces
 13095 | D:10     | Bought a scroll of identify for 20 gold pieces
 13095 | D:10     | Bought a scroll of identify for 20 gold pieces
 13111 | D:10     | Found Ykienwuw's Distillery.
 13160 | D:10     | Found a broken altar of Ashenzari.
 13182 | D:10     | Found a flagged portal.
 13267 | D:10     | Identified the +5 ring mail "Sidick" {Drain rElec rCorr
                  | Slay+4}
 13332 | Bailey   | Entered a bailey
 13755 | Bailey   | Noticed an orc knight
 13771 | Bailey   | Killed an orc knight
 13776 | Bailey   | Reached XP level 11. HP: 40/40 MP: 11/18
 13959 | Bailey   | Identified the +11 great sword "Cucs" {spect, rF+}
 13960 | Bailey   | Identified the +2 pair of boots "Humoigil" {Rampage rF+
                  | Will-}
 14365 | D:3      | Bought a scroll of summoning for 114 gold pieces
 14365 | D:3      | Bought a scroll of amnesia for 42 gold pieces
 14365 | D:3      | Bought a scroll of magic mapping for 42 gold pieces
 14365 | D:3      | Bought a scroll of teleportation for 36 gold pieces
 14365 | D:3      | Bought a scroll of blinking for 90 gold pieces
 14365 | D:3      | Bought a scroll of amnesia for 42 gold pieces
 14498 | D:5      | Bought a ring of poison resistance for 200 gold pieces
 15507 | D:11     | Reached skill level 16 in Summonings
 15704 | D:11     | Found a staircase to the Orcish Mines.
 15742 | D:11     | Found a staircase to the Lair.
 16107 | D:12     | Noticed a deep elf pyromancer
 16135 | D:12     | Killed a deep elf pyromancer
 16263 | Lair:1   | Entered Level 1 of the Lair of Beasts
 16284 | Lair:1   | Reached skill level 5 in Spellcasting
 16337 | Lair:1   | Reached skill level 5 in Air Magic
 16397 | Lair:1   | Noticed Grum
 16410 | Lair:1   | Killed Grum
 16421 | Lair:1   | Reached skill level 1 in Fighting
 16621 | Lair:1   | Noticed a six-headed hydra
 16635 | Lair:1   | Killed a six-headed hydra
 17266 | Lair:2   | Bought a scroll of fear for 52 gold pieces
 17266 | Lair:2   | Bought a scroll of magic mapping for 52 gold pieces
 17266 | Lair:2   | Bought a scroll of fog for 30 gold pieces
 17706 | Lair:2   | Reached skill level 5 in Dodging
 17869 | Lair:2   | Found a staircase to the Swamp.
 18635 | Lair:3   | Gained mutation: Your thick and shaggy fur keeps you warm.
                  | (AC +3, rC+) [Felid growth]
 18635 | Lair:3   | Reached XP level 12. HP: 48/48 MP: 11/23
 19084 | Lair:3   | Found a staircase to the Snake Pit.
 19718 | Lair:4   | Noticed a five-headed hydra
 20038 | Lair:4   | Killed a five-headed hydra
 20360 | Lair:4   | Killed from afar by a meliai
 20361 | Lair:4   | Reached XP level 11. HP: -5/46 MP: 11/24
 20565 | Lair:4   | Mangled by a meliai
 20566 | Lair:4   | Reached XP level 10. HP: -8/43 MP: 17/23
 20587 | Lair:5   | Noticed a black mamba
 20610 | Lair:5   | Killed a black mamba
 20670 | Lair:5   | Found a staircase to the Slime Pits.
 20671 | Lair:5   | Found a viscous altar of Jiyva.
 20687 | Lair:5   | Noticed a cane toad
 20705 | Lair:5   | Killed a cane toad
 20955 | Lair:5   | Reached skill level 5 in Fighting
 21056 | Lair:5   | Noticed an oklob plant
 21080 | Lair:5   | Noticed an oklob plant
 21218 | Lair:5   | Noticed a seven-headed hydra
 21250 | Lair:5   | Killed a seven-headed hydra
 21477 | Lair:5   | Noticed a catoblepas
 21562 | Lair:5   | Reached XP level 11. HP: 48/48 MP: 16/24
 21638 | Lair:5   | Killed a catoblepas
 22459 | Snake:1  | Entered Level 1 of the Snake Pit
 22459 | Snake:1  | Noticed Agnes
 22459 | Snake:1  | Noticed a naga warrior
 22497 | Lair:5   | Noticed an oklob plant
 22497 | Lair:5   | Noticed an oklob plant
 22549 | Lair:5   | Killed an oklob plant
 22654 | Lair:5   | Killed an oklob plant
 22797 | Lair:5   | Killed an oklob plant
 22804 | Lair:5   | Killed an oklob plant
 23371 | Lair:6   | Entered Level 6 of the Lair of Beasts
 23422 | Lair:6   | Noticed a seven-headed hydra
 23434 | Lair:6   | Killed a seven-headed hydra
 23640 | Lair:5   | Reached skill level 10 in Spellcasting
 24120 | Lair:6   | Noticed a dire elephant
 24136 | Lair:6   | Killed a dire elephant
 24137 | Lair:6   | Reached XP level 12. HP: 34/53 MP: 12/27
 24715 | Lair:6   | Noticed an eight-headed hydra
 24720 | Lair:6   | Killed an eight-headed hydra
 24986 | Lair:6   | Noticed a merfolk avatar
 25006 | Lair:6   | Killed a merfolk avatar
 25098 | Lair:6   | Noticed a six-headed hydra
 25106 | Lair:6   | Killed a six-headed hydra
 25389 | Lair:6   | Reached skill level 10 in Dodging
 26035 | Orc:1    | Entered Level 1 of the Orcish Mines
 26128 | Orc:1    | Noticed an orc high priest
 26135 | Orc:1    | Killed an orc high priest
 26395 | Orc:1    | Noticed Sonja
 26400 | Orc:1    | Noticed Sonja
 26400 | Orc:1    | Sonja changed into Sonja the river rat
 26404 | Orc:1    | Killed Sonja the river rat
 26725 | Orc:2    | Entered Level 2 of the Orcish Mines
 26865 | Orc:2    | Found Anul's Distillery.
 27125 | Orc:2    | Noticed an orc warlord
 27128 | Orc:2    | Noticed an orc high priest
 27148 | Orc:2    | Killed an orc high priest
 27153 | Orc:2    | Killed an orc warlord
 27155 | Orc:2    | Noticed an orc high priest
 27173 | Orc:2    | Killed an orc high priest
 27317 | Orc:2    | Found a staircase to the Elven Halls.
 27358 | Orc:2    | Noticed a two-headed ogre
 27358 | Orc:2    | Noticed a two-headed ogre
 27359 | Orc:2    | Noticed a two-headed ogre
 27364 | Orc:2    | Noticed an ogre mage
 27369 | Orc:2    | Killed a two-headed ogre
 27389 | Orc:2    | Killed a two-headed ogre
 27399 | Orc:2    | Killed a two-headed ogre
 27399 | Orc:2    | Killed an ogre mage
 27400 | Orc:2    | Reached XP level 13. HP: 58/58 MP: 9/29
 27776 | Orc:2    | Found Raevodutt's Antique Weapon Shoppe.
 27826 | Orc:2    | Found Cemn's Antique Weapon Shoppe.
 27830 | Orc:2    | Found Kiru's Antique Armour Emporium.
 27931 | Orc:2    | Found Sobrisk's Book Shoppe.
 27940 | Orc:2    | Bought a book of the Sky for 528 gold pieces
 28676 | Orc:2    | Learned a level 7 spell: Storm Form
 28677 | Orc:2    | Bought a book of the Dryads for 570 gold pieces
 28683 | Orc:2    | Learned a level 5 spell: Summon Mana Viper
 28996 | D:12     | Reached skill level 1 in Transmutations
 29576 | D:13     | Reached skill level 1 in Unarmed Combat
 30132 | D:13     | Found a gate to the Vaults.
 31186 | D:14     | Noticed Kirke
 31196 | D:14     | Killed Kirke
 31197 | D:14     | Reached skill level 5 in Transmutations
 32025 | D:14     | Noticed Snorg
 32040 | D:14     | Killed Snorg
 32189 | D:14     | Found a hide-covered altar of Uskayaw.
 32255 | D:15     | Entered Level 15 of the Dungeon
 32447 | D:15     | Found a stormy altar of Qazlal.
 32491 | D:15     | Found a staircase to the Depths.
 33243 | D:15     | Found an ancient bone altar of Kikubaaqudgha.
 33281 | D:15     | Reached XP level 14. HP: 63/63 MP: 1/30
 33993 | D:15     | Got the Volume of Ice and Intoxication
 34460 | Swamp:1  | Entered Level 1 of the Swamp
 34594 | Swamp:1  | Noticed a fenstrider witch
 34660 | Swamp:1  | HP: 3/63 [poisoned by a fenstrider witch (toxic sludge)]
 34745 | Swamp:1  | Killed from afar by a swamp worm
 34746 | Swamp:1  | Reached XP level 13. HP: -17/58 MP: 9/29
 34785 | Swamp:1  | HP: 2/58 [spriggan rider (20)]
 34786 | Swamp:1  | Mangled by a spriggan rider

Illustrated notes

Levels and vault maps discovered:
D:1:      scummos_arrival_forest, layout_rooms,
          shapermc_ecumenical_altar_mp_ritualfount
D:2:      layout_loops_corners, minmay_strange_pillars, kennysheep_jessica_study
D:3:      layout_basic, serial_shops, shop, uniq_crazy_yiuf_cottage,
          uniq_grinder, uniq_ijyb
D:4:      layout_cave_pods, minmay_ruptured
D:5:      layout_cave_pools, slow_altar_2, chequers_temple_overflow_minitemple,
          serial_shops, nicolae_lakefront_shop, enter_ossuary_1,
          minmay_pentangle, uniq_eustachio
D:6:      minmay_cornered_nines, layout_loops_ring, xom_redecorated,
          roderic_roman_lattice, uniq_sigmund
D:7:      layout_rooms, nemelex_diamond_rough_becter, grunt_dithmenos_shadows,
          minmay_temple_entry_glassed_door, uniq_maggie, uniq_joseph,
          uniq_duvessa, uniq_pikel
D:8:      cheibrodos_statue_roulette, layout_rooms, serial_park_tiny_pond
D:9:      layout_basic, old_standard_altar, uniq_gastronok
D:10:     layout_gridville, mainiacjoe_overflow_brackets, serial_shops,
          nicolae_shop_waterfront, nicolae_inconvenience_store, shop,
          enter_bailey_7, grunt_livestock
D:11:     layout_roguey, david_lair_shrubbed
D:12:     layout_rooms
D:13:     layout_basic, david_vaults_2, roderic_batcave
D:14:     layout_rooms, nicolae_uskayaw_murder_on_the_dancefloor, uniq_kirke,
          uniq_snorg
D:15:     gammafunk_depths_entry_grave, layout_grid_maze,
          kiku_gazebo_garden_becter, nicolae_qazlal_style_of_elements
Temple:   oiseaux_autumnal_temple
Lair:1:   layout_long_grid, uniq_grum
Lair:2:   layout_cave_shapes, swamp_mist_pool, chequers_serial_rivers_small_a
Lair:3:   layout_regular_city, minmay_snake_entry_guardpost_small
Lair:4:   layout_roguey [special_room_bee]
Lair:5:   dpeg_oklob_gauntlet, layout_concentric_octagons, slime_altar_1,
          grunt_megastairs_3
Lair:6:   gammafunk_lair_ancient_temple, layout_small_grid
Swamp:1:  layout_basic_swamp, evilmike_swamp_ruin_house_6, swamp_pool5,
          infiniplex_staircase_pool_2, uniq_donald
Snake:1:  layout_rooms, uniq_agnes
Orc:1:    layout_caves, uniq_sonja
Orc:2:    grunt_orc_community_town_hall, layout_diamond_mine,
          grunt_orc_community_big_house_2, grunt_orc_community_big_house_2,
          grunt_orc_community_house_3, grunt_orc_community_house_2,
          grunt_orc_community_house_3, grunt_orc_community_house_2,
          grunt_orc_community_house_2, grunt_orc_community_house_1,
          serial_shops, shop, basic_altar

Skill      XL: |  1  2  3  4  5  6  7  8  9 10 11 12 13 14 |
---------------+-------------------------------------------+-----
Spellcasting   | 3 4 10 11 | 11.6
Summonings     | 5 6 7 9 13 14 15 16 | 16.0
Hexes          | 2 5 8 |  8.8
Air Magic      | 2 5 |  5.0
Fighting       | 5 6 8 |  8.2
Dodging        | 7 9 10 11 | 11.0
Transmutations | 7 8 |  8.1
Unarmed Combat | 4 |  4.9
Stealth        | |  2.6

Action                   |  1- 3 |  4- 6 |  7- 9 | 10-12 | 13-15 || total
-------------------------+-------+-------+-------+-------+-------++-------
Melee: Unarmed           |     6 |     8 |    42 |    58 |    22 ||   136
       Bite              |       |       |     5 |     2 |     1 ||     8
 Cast: Summon Small Mamm |   117 |    48 |     7 |       |       ||   172
       Call Imp          |       |    67 |    20 |    10 |       ||    97
       Call Canine Famil |       |     5 |    61 |   112 |    24 ||   202
       Summon Guardian G |       |       |    54 |   150 |    56 ||   260
       Summon Lightning  |       |       |       |   142 |    58 ||   200
       Summon Mana Viper |       |       |       |       |    84 ||    84
Invok: Call Merchant     |       |       |       |     2 |     3 ||     5
       Potion Petition   |       |       |       |       |     1 ||     1
Evoke: Wand              |       |       |       |    10 |       ||    10
  Use: Scroll            |     4 |     2 |     8 |    14 |     6 ||    34
       Potion            |       |       |     2 |     6 |     3 ||    11
 Stab: Distracted        |     1 |       |       |     1 |       ||     2
Armor: Skin              |     2 |     4 |    12 |    21 |     7 ||    46
Dodge: Dodged            |    23 |    41 |   130 |   229 |   169 ||   592
